 Dungeon Crawl Stone Soup version 0.28-b1-25-g9875b3fc8c (webtiles) character file.

Game seed: 17019902110877186847

7 cayde69 the Charlatan (level 1, 0/16 HPs)
             Began as a Draconian Artificer on Feb 2, 2022.
             Slain by a hobgoblin (2 damage)
             ... on level 1 of the Dungeon.
             The game lasted 00:00:46 (154 turns).

cayde69 the Charlatan (Draconian Artificer)          Turns: 154, Time: 00:00:46

Health: 0/16       AC:  4    Str: 14    XL:     1   Next: 83%
Magic:  1/1        EV: 12    Int: 11    God:
Gold:   0          SH:  0    Dex: 11    Spells: 0/0 levels left

rFire   . . .      SeeInvis .   a - +0 club
rCold   . . .      Faith    .   (no shield)
rNeg    . . .      Spirit   .   (armour unavailable)
rPois   .          Reflect  .   (helmet restricted)
rElec   .          Harm     .   (no cloak)
rCorr   .          Rampage  .   (no gloves)
Will    .....                   (no boots)
Stlth   +.........              (no amulet)
HPRegen 0.05/turn               (no ring)
MPRegen 0.07/turn               (no ring)

@: no status effects
A: AC +4, unfitting armour, cold-blooded
a: no special abilities


You were on level 1 of the Dungeon.
You visited 1 branch of the dungeon, and saw 1 of its levels.

Inventory:

Hand Weapons
 a - a +0 club (weapon)
Wands
 b - a wand of flame (14) (quivered)
 c - a wand of charming (14)
Miscellaneous
 d - a piece from Xom's chessboard (15/15)


   Skills:
 * Level 1.2 Fighting
 + Level 2.4 Dodging
 - Level 0.8 Stealth
 + Level 3.2 Evocations


You couldn't memorise any spells.
You didn't know any spells.
Your spell library was empty.

Dungeon Overview and Level Annotations

Branches:
Dungeon (1/15)

Altars:


Innate Abilities, Weirdness & Mutations

Your plain brown scales are hard. (AC +4)
You cannot fit into any form of body armour.
You are cold-blooded and may be slowed by cold attacks.


Message History

The jackal bites you but does no damage. x2
The puff of flame hits the jackal.
You kill the jackal!
The jackal bites you.
You are too injured to fight recklessly!
You are too injured to fight recklessly!
You hit the jackal but do no damage.
The jackal bites you but does no damage. x2
You closely miss the jackal.
The jackal bites you but does no damage.
You hit the jackal.
The jackal is heavily wounded.
The jackal bites you. The jackal barely misses you. The jackal misses you.
The jackal bites you.
You hit the jackal.
You kill the jackal!
The jackal bites you.
* * * LOW HITPOINT WARNING * * *
The giant cockroach closely misses you. The jackal barely misses you.
You hit the giant cockroach.
The giant cockroach is heavily wounded.
The giant cockroach closely misses you. The jackal closely misses you.
The giant cockroach bites you but does no damage.
The jackal misses you.
You hit the jackal.
You kill the jackal!
The giant cockroach bites you but does no damage.
A goblin comes into view. It is wielding a +0 dagger.
The giant cockroach bites you but does no damage.
Things that are here:
a jackal corpse; a jackal corpse You barely miss the giant cockroach.
The giant cockroach is heavily wounded.
The goblin shouts!
The giant cockroach misses you. The giant cockroach bites you.
* * * LOW HITPOINT WARNING * * *
You hit the giant cockroach. You tail-slap the giant cockroach.
You kill the giant cockroach!
The hobgoblin hits you.
You die...

.######
...........#
......#
#.##......(.#
'''##...#
#####.......#
....#...#
....###.###
.<..#.... ##..#
#.# ....#....
#...# #.#
....#...#
#...###.#######
+++##..##
#.............#
...
#...@##.#####.#
.# ####g##.#
#.##.# #.##.#
#.##.# #g....
#..#(# #?..
....


You could see a hobgoblin and a goblin.

Vanquished Creatures
  A giant cockroach (D:1)
  3 jackals (D:1)
  A ball python (D:1)
  A bat (D:1)
  A rat (D:1)
7 creatures vanquished.

Vanquished Creatures (others)
  A kobold (D:1)
1 creature vanquished.

Grand Total: 8 creatures vanquished

Notes
Turn   | Place    | Note
-------+----------+-------------------------------------------
     0 | D:1      | cayde69 the Draconian Artificer began the quest for the
                  | Orb.
     0 | D:1      | Reached XP level 1. HP: 16/16 MP: 1/1
   154 | D:1      | Slain by a hobgoblin

Illustrated notes

Levels and vault maps discovered:
D:1:      dpeg_arrival_windows_large_door, layout_basic

Action                   || total
-------------------------++-------
Melee: Club              ||    29
       Tailslap          ||     4
Evoke: Wand              ||     2
Armor: Skin              ||    17
Dodge: Dodged            ||    31
